 Dungeon Crawl Stone Soup version 0.30-a0-586-g23e55c9e0a (webtiles) character file.

Game seed: 14426196428687123659

91 Bnni the Vexing (level 4, -1/33 HPs)
             Began as a Formicid Hexslinger on Jan 3, 2023.
             Slain by a hobgoblin (3 damage)
             ... on level 2 of the Dungeon.
             The game lasted 00:02:05 (1255 turns).

Bnni the Vexing (Formicid Hexslinger)               Turns: 1255, Time: 00:02:05

Health: -1/33      AC:  2    Str: 14    XL:     4   Next: 88%
Magic:  3/6        EV: 12    Int: 15    God:
Gold:   80         SH:  0    Dex: 14    Spells: 2/6 levels left

rFire   . . .      SeeInvis +    a - +1 sling
rCold   . . .      Faith    .    (no shield)
rNeg    . . .      Spirit   .    c - +0 robe
rPois   .          Reflect  .    (helmet unavailable)
rElec   .          Harm     .    (no cloak)
rCorr   .          Rampage  .    (no gloves)
Will    .....                    (no boots)
Stlth   +                        (no amulet)
HPRegen 0.25/turn                (no ring)
MPRegen 0.10/turn                (no ring)

@: no status effects
A: permanent stasis, dig shafts and tunnels, antennae 3, four strong arms
a: Dig, Shaft Self


You were on level 2 of the Dungeon.
You visited 1 branch of the dungeon, and saw 2 of its levels.

You collected 80 gold pieces.

Inventory:

Hand Weapons
 a - a +1 sling (weapon)
Armour
 c - a +0 robe (worn)
Jewellery
 d - a ring of ice
 h - a ring of ice
Scrolls
 b - 2 scrolls of poison
 e - 3 scrolls of identify {unknown}
Potions
 f - a potion of mutation {unknown}
 g - a potion of cancellation {unknown}
 i - 2 potions of curing {unknown}


   Skills:
 + Level 1.7 Fighting
 * Level 2.8 Ranged Weapons
 - Level 1.7 Dodging
 + Level 1.8 Spellcasting
 * Level 4.5 Hexes
 * Level 1.8 Fire Magic


You had 2 spell levels left.
You knew the following spells:

 Your Spells              Type           Power      Damage    Failure   Level
a - Slow                  Hex            56%        N/A       3%          1
b - Inner Flame           Hex/Fire       10%        N/A       19%         3

Your spell library contained the following spells:

 Spells                   Type           Power      Damage    Failure   Level
 Portal Projectile        Hex/Tloc       16%        N/A       26%         3
 Cause Fear               Hex            7%         N/A       34%         4


Dungeon Overview and Level Annotations

Branches:
Dungeon (2/15)

Altars:


Innate Abilities, Weirdness & Mutations

You cannot be hasted, slowed, berserked, paralysed or teleported.
You can dig through walls and to a lower floor.
You have a pair of large antennae on your head. (SInv)
Your four strong arms can wield two-handed weapons with a shield.


Message History

Press: ? - help, Shift-Dir - straight line, f/p - Natasha
Aim: Natasha (severely wounded, 50% to hit)
You shoot a sling bullet. The sling bullet barely misses Natasha.
The sling bullet hits the hobgoblin.
The hobgoblin is moderately wounded.
Natasha barely misses you.
Fire: a) +1 sling
Press: ? - help, Shift-Dir - straight line, f/p - Natasha
Aim: Natasha (severely wounded, 50% to hit)
You shoot a sling bullet. The sling bullet misses Natasha.
The sling bullet closely misses the hobgoblin.
Natasha claws you.
* * * LOW HITPOINT WARNING * * *
Fire: a) +1 sling
Press: ? - help, Shift-Dir - straight line, f/p - Natasha
Aim: Natasha (severely wounded, 50% to hit)
You shoot a sling bullet. The sling bullet hits Natasha.
Natasha is severely wounded.
Natasha casts a spell.
Fire: a) +1 sling
Press: ? - help, Shift-Dir - straight line, f/p - Natasha
Aim: Natasha (severely wounded, 50% to hit)
You shoot a sling bullet. The sling bullet hits Natasha.
You kill Natasha!
Natasha screams in pain as she dies!
The crimson imp disappears in a puff of smoke!
Casting: Slow (safe; 3% risk of failure)
Confirm with . or Enter, or press ? or * to list all spells.
Aiming: Slow (safe; 3% risk of failure)
Press: ? - help, Shift-Dir - straight line, f - hobgoblin
Aim: a hobgoblin (moderately wounded, chance to affect: 65%)
Okay, then.
Okay, then.
Casting: Slow (safe; 3% risk of failure)
Confirm with . or Enter, or press ? or * to list all spells.
Aiming: Slow (safe; 3% risk of failure)
Press: ? - help, Shift-Dir - straight line, f - hobgoblin
Aim: a hobgoblin (moderately wounded, chance to affect: 65%)
The hobgoblin seems to slow down.
The hobgoblin hits you.
You die...

...........#
..#........#####..
#......... #####.#
#........ .......
#.... ## ~~~~.~~
#... ~~≈≈~.≈≈ #S§
≈≈≈≈≈.≈≈ #g#
..~~~≈~.~≈ #@#
#.......~~ #.#
#.~~~~.... #.#
#.~~≈~.~≈~ ##.##
#.~≈≈~.≈≈≈ ##.#.##
#.~≈≈≈.≈≈≈ #.###.#
#.~~≈~.~~~ ##.#.##
#......... ##.##
#.######## #.#
#.########


You could see a hobgoblin (slow) and a ball python.

Vanquished Creatures
  Natasha (D:2)
  An adder (D:2)
  A gnoll (D:1)
  A dart slug (D:1)
  4 bats (D:1)
  6 endoplasms (D:1)
  2 giant cockroaches
  6 goblins
  5 hobgoblins
  3 quokkas (D:1)
  7 ball pythons
  A frilled lizard (D:1)
  2 kobolds (D:1)
  A rat (D:1)
41 creatures vanquished.

Notes
Turn   | Place    | Note
-------+----------+-------------------------------------------
     0 | D:1      | Bnni the Formicid Hexslinger began the quest for the Orb.
     0 | D:1      | Reached XP level 1. HP: 15/15 MP: 2/2
    81 | D:1      | Reached XP level 2. HP: 16/21 MP: 3/3
   279 | D:1      | Reached skill level 4 in Hexes
   279 | D:1      | Reached XP level 3. HP: 26/26 MP: 5/5
   283 | D:1      | Learned a level 3 spell: Inner Flame
   286 | D:1      | Reached skill level 1 in Fire Magic
   366 | D:1      | Found a faded altar of an unknown god.
   719 | D:1      | Reached XP level 4. HP: 32/32 MP: 6/6
  1242 | D:2      | Noticed Natasha
  1252 | D:2      | HP: 1/32 [Natasha (6)]
  1254 | D:2      | Killed Natasha
  1255 | D:2      | Slain by a hobgoblin

Illustrated notes

Levels and vault maps discovered:
D:1:      minmay_arrival_checkered_box, layout_loops_ring,
          ebering_ecumenical_altar_webs
D:2:      layout_loops_ring, minivault_14, uniq_sigmund, uniq_natasha

Skill      XL: |  1  2  3 |
---------------+----------+-----
Hexes          | 4 |  4.5
Fire Magic     | 1 |  1.8
Fighting       | |  1.7
Ranged Weapons | |  2.8
Dodging        | |  1.7
Spellcasting   | |  1.8

Action                   |  1- 3 |  4- 6 || total
-------------------------+-------+-------++-------
 Fire: Sling             |    96 |    39 ||   135
 Cast: Slow              |     1 |     3 ||     4
Armor: Robe              |    11 |     1 ||    12
Dodge: Dodged            |    34 |     6 ||    40

Table legend: (Time is in decaauts)
 A = Elapsed time spent in this place.
 B = Non-inter-level travel time spent in this place.
 C = Inter-level travel time spent in this place.
 D = Time resting spent in this place.
 E = Time spent auto-exploring this place.
 F = Levels seen in this place.
 G = Mean time per level.
                   A        B        C        D        E       F      G
               +--------+--------+--------+--------+--------+-----+--------+
         Total |   1292 |   1250 |     42 |      0 |    993 |   2 |  646.0 |
       Dungeon |   1292 |   1250 |     42 |      0 |    993 |   2 |  646.0 |
               +--------+--------+--------+--------+--------+-----+--------+

Top non-repeatable levels by time:
     D:1: 891 daAuts
     D:2: 401 daAuts
